Map: Port Aleksander LE

Players

DisK - Winner!

  • Race: Protoss Protoss
  • Spawn Location: 5:00

Probe

  • Race: Protoss Protoss
  • Spawn Location: 11:00

Event: 2019 WCS Winter Americas

VOD

Have the link to the VOD?

Description

Time

  • Played on: Feb. 7, 2019, 3:57 p.m.
  • Length: 17:18

All games in this series

Show
View Real Time Build Order
Export as new Build Order

DisK Protoss - Winner!

Build Orders:  

Get SALT Encoding   

  12  0:00  Probe  
  13  0:12  Probe  
  14  0:18  Pylon  
  14  0:25  Probe  
  15  0:34  Probe  
  15  0:37  Gateway  
  15  0:42  Probe  
  16  0:48  Assimilator  
  17  0:52  Probe  
  17  0:56  Assimilator  
  18  1:00  Probe  
  18  1:09  Probe  
  18  1:10  Gateway  
  20  1:19  Probe  
  21  1:27  Cybernetics Core  
  21  1:32  Probe  
  22  1:37  Pylon  
  22  1:44  Probe  
  23  1:56  Probe  
  23  1:58  Warp Gate  
  24  2:06  Stalker, Sentry  
  28  2:11  Probe  
  29  2:15  Pylon  
  29  2:29  Pylon  
  29  2:32  Probe  
  29  2:35  Stalker  
  29  2:36  Stalker  
  33  2:54  Nexus  
  33  3:04  Robotics Facility  
  33  3:09  Probe  
  34  3:19  Pylon x2  
  34  3:29  Probe  
  34  3:33  Shield Battery  
  35  3:39  Probe  
  35  3:44  Twilight Council  
  35  3:46  Stalker  
  38  3:49  Probe  
  38  3:51  Stalker  
  42  3:55  Observer  
  42  4:03  Probe x2  
  44  4:11  Probe x2  
  44  4:13  Stalker, Blink  
  48  4:20  Probe  
  48  4:22  Probe  
  49  4:28  Pylon  
  50  4:36  Probe  
  50  4:37  Probe  
  52  4:39  Forge  
  52  4:48  Probe  
  52  4:49  Stalker, Probe  
  52  4:51  Stalker  
  58  5:01  Probe x2  
  55  5:16  Protoss Ground Weapons Level 1, Probe x2  
  55  5:18  Stalker  
  55  5:19  Stalker  
  61  5:28  Probe  
  61  5:31  Probe, Gateway  
  61  5:32  Gateway  
  61  5:34  Assimilator  
  62  5:37  Assimilator  
  62  5:39  Pylon  
  62  5:40  Probe  
  63  5:47  Probe  
  64  5:52  Probe  
  64  5:54  Robotics Bay  
  65  6:02  Probe  
  66  6:04  Probe  
  66  6:07  Stalker x2  
  71  6:15  Nexus  
  71  6:19  Pylon  
  71  6:31  Disruptor  
  71  6:35  Gateway  
  71  6:37  Gateway  
  71  6:39  Probe x2  
  73  6:42  Stalker  
  78  6:51  Probe x2  
  78  6:52  Protoss Ground Weapons Level 2  
  79  6:54  Observer  
  79  6:58  Disruptor  
  79  7:03  Probe x2, Robotics Facility  
  79  7:06  Pylon  
  84  7:15  Probe x2  
  86  7:24  Pylon  
  86  7:25  Stalker x2  
  86  7:28  Probe x2  
  92  7:35  Pylon  
  92  7:42  Pylon  
  92  7:50  Probe  
  92  7:51  Stalker x4  
  95  7:57  Disruptor  
  101  8:01  Probe x2  
  101  8:02  Probe  
  101  8:03  Shield Battery  
  104  8:07  Shield Battery  
  104  8:08  Pylon  
  104  8:11  Pylon  
  107  8:16  Stalker x2  
  111  8:23  Templar Archives  
  111  8:28  Probe x2  
  111  8:29  Probe  
  111  8:31  Stalker x2  
  111  8:33  Disruptor  
  115  8:40  Probe x2  
  115  8:41  Disruptor  
  123  9:07  Zealot x2  
  123  9:08  Zealot  
  123  9:22  Stalker x3  
  123  9:23  Probe, Disruptor  
  117  9:33  Pylon  
  117  9:35  Assimilator  
  117  9:36  Assimilator  
  117  9:37  Gateway  
  113  9:39  Pylon, Gateway  
  113  9:44  Stalker x3  
  119  9:45  Stalker  
  119  9:46  Stalker x2  
  119  9:49  Disruptor x2  
  125  9:54  Probe x2  
  125  9:59  Photon Cannon  
  133  10:01  Photon Cannon  
  133  10:13  Probe x2  
  133  10:14  Probe  
  136  10:17  Stalker x4  
  144  10:25  Stalker, Photon Cannon, Probe  
  147  10:35  Observer  
  147  10:36  Stalker x2  
  154  10:45  Photon Cannon  
  151  10:50  High Templar x2  
  155  10:58  Stalker  
  155  11:01  Pylon x2  
  140  11:12  Zealot x3  
  125  11:19  Charge  
  125  11:25  Stalker x3  
  116  11:45  Nexus  
  116  11:46  Stalker  
  116  11:47  Stalker x3  
  108  11:58  Pylon  
  108  12:00  Disruptor  
  108  12:01  Disruptor  
  114  12:03  Pylon  
  114  12:05  Pylon  
  114  12:10  Stalker x4  
  122  12:16  Pylon  
  122  12:22  Dark Shrine  
  122  12:23  Stalker x4  
  130  12:36  Disruptor x2  
  136  12:39  Pylon  
  136  12:40  Pylon x2  
  136  12:43  Protoss Ground Weapons Level 3  
  136  12:51  Stalker x3  
  140  12:55  Pylon  
  142  13:12  Pylon  
  142  13:14  Nexus  
  142  13:16  Pylon  
  142  13:17  Pylon  
  142  13:19  High Templar x3  
  148  13:35  Dark Templar x2, Nexus  
  152  13:45  Photon Cannon  
  152  13:46  Stalker x3  
  157  14:10  Stalker x3  
  157  14:11  Stalker x5  
  173  14:21  Pylon  
  169  14:28  Pylon  
  169  14:30  Observer  
  169  14:31  Photon Cannon  
  169  14:32  Photon Cannon  
  169  14:34  Photon Cannon  
  169  14:35  Pylon  
  169  14:37  Shield Battery  
  169  14:40  Photon Cannon  
  169  14:56  Stalker  
  169  14:58  Stalker x5  
  171  15:10  Zealot x2  
  146  15:20  Dark Templar  
  146  15:21  Dark Templar x2  
  129  15:22  Dark Templar x3  
  123  15:36  Zealot x2  
  127  15:44  Assimilator, Probe x4  
  127  15:45  Assimilator  
  127  15:46  Disruptor  
  131  15:52  Observer  
  133  16:10  Disruptor  
  136  16:19  Photon Cannon  
  136  16:24  Photon Cannon  
  120  16:36  Stalker x6  
  130  16:44  Photon Cannon x2  
  130  16:47  Zealot x2  
  134  16:59  Pylon  
  131  17:06  Zealot x6  
Show
View Real Time Build Order
Export as new Build Order

Probe Protoss 

Build Orders: Oracle Opening, Phoenix Opening, Zealot Archon 

Get SALT Encoding   

  12  0:00  Probe  
  13  0:12  Probe  
  14  0:18  Pylon  
  14  0:24  Probe  
  15  0:32  Probe  
  15  0:38  Gateway  
  15  0:40  Probe  
  16  0:47  Assimilator  
  17  0:50  Probe  
  17  0:56  Assimilator  
  18  0:58  Probe  
  19  1:06  Probe  
  20  1:12  Gateway  
  20  1:17  Probe  
  21  1:26  Cybernetics Core  
  21  1:29  Probe  
  22  1:37  Pylon  
  22  1:41  Probe  
  23  1:55  Probe  
  24  2:02  Stalker, Warp Gate  
  24  2:03  Sentry  
  24  2:07  Probe  
  29  2:11  Pylon  
  29  2:19  Probe  
  30  2:23  Pylon  
  30  2:31  Stargate  
  30  2:36  Phoenix  
  30  2:40  Probe  
  31  2:52  Probe  
  31  2:55  Nexus  
  32  3:05  Stalker  
  34  3:09  Stalker  
  36  3:19  Oracle  
  39  3:30  Pylon  
  39  3:34  Robotics Facility  
  39  3:41  Shield Battery  
  39  3:45  Pylon  
  39  3:50  Probe  
  39  3:52  Oracle  
  43  4:03  Probe  
  43  4:06  Probe  
  45  4:11  Probe  
  46  4:19  Probe  
  46  4:21  Adept x2  
  46  4:22  Probe  
  51  4:30  Probe  
  53  4:32  Probe  
  54  4:38  Probe  
  54  4:40  Probe  
  54  4:41  Immortal  
  56  4:46  Probe  
  56  4:48  Probe  
  56  4:52  Pylon  
  62  4:57  Probe  
  63  5:00  Probe  
  64  5:09  Probe  
  64  5:11  Twilight Council  
  61  5:15  Immortal  
  61  5:16  Assimilator  
  61  5:18  Assimilator  
  61  5:19  Probe  
  66  5:21  Probe  
  67  5:31  Probe  
  67  5:32  Forge  
  67  5:33  Probe  
  67  5:34  Pylon  
  69  5:43  Probe  
  69  5:45  Probe  
  69  5:48  Charge  
  71  5:51  Protoss Ground Weapons Level 1  
  71  5:54  Warp Prism  
  73  5:58  Gateway  
  73  6:01  Gateway  
  73  6:03  Templar Archives  
  73  6:18  Gateway  
  73  6:20  Gateway  
  73  6:21  Gateway  
  73  6:25  Gateway  
  73  6:28  Adept x2  
  77  6:42  Pylon  
  77  6:47  Pylon  
  75  6:58  High Templar x2  
  75  6:59  Zealot x2  
  81  7:05  Pylon  
  81  7:06  Pylon  
  81  7:08  Archon  
  81  7:09  Nexus, Pylon  
  81  7:15  Phoenix  
  81  7:20  Zealot, High Templar x2  
  81  7:21  Zealot  
  91  7:25  Probe, Pylon  
  91  7:26  Probe  
  93  7:34  Archon  
  93  7:35  Protoss Ground Weapons Level 2  
  93  7:37  Probe  
  93  7:39  Probe  
  93  7:44  Phoenix  
  93  7:50  Zealot x3  
  101  8:04  Warp Prism  
  100  8:06  High Templar x2  
  100  8:07  Zealot  
  100  8:10  Probe x2  
  108  8:15  Archon  
  107  8:22  Zealot x2, Probe  
  107  8:23  Zealot  
  114  8:32  Phoenix  
  116  8:35  Zealot x3  
  122  8:47  Probe  
  122  8:48  Probe  
  124  8:51  Zealot x3  
  130  9:01  Pylon  
  128  9:02  Pylon  
  128  9:06  Pylon  
  126  9:14  Phoenix  
  126  9:15  Pylon  
  124  9:18  Pylon  
  118  9:29  Zealot x6  
  129  9:35  Immortal  
  130  9:39  Phoenix  
  132  9:51  Zealot x4  
  140  9:58  Probe x2  
  140  10:02  Pylon  
  140  10:04  Phoenix  
  142  10:09  High Templar x2  
  142  10:12  High Templar x3  
  142  10:14  Probe x2  
  154  10:16  Archon x2  
  154  10:19  Probe  
  154  10:21  Assimilator x2  
  155  10:22  Pylon  
  155  10:26  Probe  
  156  10:28  High Templar  
  156  10:29  Phoenix  
  156  10:35  Archon  
  160  10:38  Pylon  
  160  10:40  Pylon  
  160  10:52  Nexus  
  160  10:54  Phoenix  
  160  10:57  Observer  
  163  10:59  Zealot x5  
  125  11:13  Immortal  
  125  11:14  Zealot  
  125  11:15  Zealot x2  
  125  11:16  Probe  
  114  11:25  Zealot x3  
  108  11:26  Phoenix  
  108  11:31  High Templar x2  
  104  11:45  Archon  
  104  11:46  High Templar x2  
  104  11:47  Zealot x3, Phoenix  
  102  11:51  Archon  
  98  12:01  High Templar  
  98  12:04  Phoenix  
  98  12:05  Probe x2  
  98  12:06  Zealot, High Templar, Protoss Ground Weapons Level 3  
  106  12:11  Archon  
  106  12:12  Zealot  
  106  12:13  Zealot x2  
  114  12:21  Immortal  
  118  12:29  Phoenix  
  120  12:32  Zealot x4  
  120  12:33  Zealot x2  
  132  12:41  Probe x2  
  134  12:45  Probe  
  134  12:46  Probe  
  136  12:53  Probe x2  
  136  12:58  Immortal  
  138  12:59  Zealot x4  
  138  13:02  Phoenix  
  150  13:15  Assimilator  
  150  13:16  Assimilator  
  150  13:20  High Templar x4  
  150  13:24  Pylon  
  152  13:27  Archon  
  152  13:28  Archon  
  152  13:29  Zealot x2  
  152  13:39  Pylon  
  152  13:40  Photon Cannon  
  150  13:41  Photon Cannon  
  150  13:44  Zealot x2  
  154  13:48  Photon Cannon  
  154  14:00  Zealot  
  154  14:01  Zealot x4  
  150  14:16  Immortal  
  154  14:25  High Templar x3, Photon Cannon  
  154  14:26  High Templar x5  
  154  14:29  Archon x2  
  154  14:30  Probe x3, Archon x2  
  169  14:57  Zealot x3  
  174  15:00  Observer  
  157  15:08  Zealot  
  157  15:09  Zealot x4  
  145  15:21  Zealot x3, Observer  
  118  15:33  Zealot  
  118  15:34  Zealot x4  
  112  15:42  Observer  
  95  15:46  High Templar x5  
  95  15:47  Zealot x2  
  105  15:53  Archon  
  105  15:54  Archon  
  89  15:59  Zealot  
  89  16:00  Observer  
  82  16:08  High Templar  
  82  16:09  Zealot  
  86  16:14  Archon  
  86  16:19  Zealot x6  
  87  16:37  Zealot x4, High Templar x2  
  99  16:41  Archon  
  99  16:54  Zealot  
  99  16:55  Zealot  
  103  17:06  Zealot x2  
Tags
 
Add a new tag
Caveats
  • Supply blocks, unpowered buildings, or Contaminate may cause inaccurate times.
  • Supply counts are checked every 10 seconds.